[ AOE2 MATCH · #504914968 ]
UnrankedMongols vs Cumans
Player's team · LOSS
Rival team · WIN
[ REPLAY ANALYSIS · EXTRACTED FROM THE RECORDED GAME ]
Feudal
11:00
Castle
20:54
Imperial
43:59
| APM avg | 33.3 |
| APM peak | 78 |
| eAPM avg | 20.2 |
| Villagers / military | 117 / 92 |
Focus
⚔️ 25.8% · 🌾 74.2%
Camel Scout ×40 · Cavalry Archer ×28 · Steppe Lancer ×10 · Scorpion ×7 · Battering Ram ×5 · Trebuchet (Packed) ×2
Feudal
8:39
Castle
22:39
Imperial
38:02
| APM avg | 36.3 |
| APM peak | 120 |
| eAPM avg | 17.7 |
| Villagers / military | 135 / 154 |
Focus
⚔️ 31.0% · 🌾 69.0%
Spearman ×54 · Skirmisher ×37 · Militia ×25 · Steppe Lancer ×15 · Kipchak ×7 · Monk ×5
Match map
Initial resources + every placement click. Lines = walls · curves = elevation contours. ◆ gold · ⬟ stone · ● berries · ✦ relic · ◌ wall gap
Your base· ✓ Closed at 20:54 · 75t walls · no gate
Night Wolf's base· Open — opponent sealed themselves in
Smoothed initial terrain · ◌ = detected wall gap · hover for details
Inputs per minute
— Otide - - Night Wolf
Build order — Otide
First 150 of 395 actions detected
| 0:00 | Queue | Villager (Male) |
| 0:00 | Queue | Villager (Male) |
| 0:01 | Queue | Villager (Male) |
| 0:02 | Build | House |
| 0:03 | Build | House |
| 0:03 | Queue | Villager (Male) |
| 1:24 | Queue | Villager (Male) |
| 2:00 | Queue | Villager (Male) |
| 2:18 | Build | Lumber Camp |
| 2:18 | Queue | Villager (Male) |
| 2:48 | Queue | Villager (Male) |
| 3:19 | Queue | Villager (Male) |
| 3:57 | Build | House |
| 3:58 | Build | House |
| 4:03 | Research | Loom |
| 4:06 | Queue | Villager (Male) |
| 4:06 | Queue | Villager (Male) |
| 4:06 | Queue | Villager (Male) |
| 4:10 | Queue | Villager (Male) |
| 4:54 | Queue | Villager (Male) |
| 4:54 | Queue | Villager (Male) |
| 5:13 | Build | Mill |
| 5:57 | Build | Mill |
| 7:35 | Queue | Villager (Male) |
| 7:36 | Queue | Villager (Male) |
| 7:36 | Queue | Villager (Male) |
| 8:15 | Build | Farm |
| 8:38 | Build | Farm |
| 8:42 | Research | Feudal Age |
| 9:01 | Build | Barracks |
| 9:28 | Build | Palisade Wall |
| 9:31 | Build | Palisade Wall |
| 10:24 | Build | Palisade Wall |
| 10:27 | Build | Palisade Wall |
| 10:29 | Build | Palisade Wall |
| 10:31 | Build | Palisade Wall |
| 10:59 | Queue | Villager (Male) |
| 10:59 | Queue | Villager (Male) |
| 10:59 | Queue | Villager (Male) |
| 11:00 | Age | Feudal Age |
| 11:30 | Build | Farm |
| 11:32 | Queue | Villager (Male) |
| 11:41 | Build | House |
| 11:42 | Build | House |
| 11:44 | Build | Palisade Wall |
| 11:45 | Build | Palisade Wall |
| 12:16 | Build | Palisade Wall |
| 12:19 | Build | Palisade Wall |
| 12:42 | Build | House |
| 12:44 | Build | House |
| 12:45 | Build | House |
| 12:47 | Build | House |
| 12:50 | Build | House |
| 12:55 | Queue | Villager (Male) |
| 12:56 | Queue | Villager (Male) |
| 12:58 | Build | Farm |
| 13:01 | Build | Farm |
| 13:03 | Build | Farm |
| 13:11 | Research | Double-Bit Axe |
| 13:26 | Build | Farm |
| 14:05 | Build | Farm |
| 14:36 | Build | House |
| 14:41 | Queue | Villager (Male) |
| 14:41 | Queue | Villager (Male) |
| 14:58 | Build | Market |
| 15:11 | Build | Mining Camp |
| 15:36 | Build | House |
| 15:39 | Build | Palisade Wall |
| 16:23 | Build | Palisade Wall |
| 16:26 | Build | Palisade Wall |
| 16:28 | Build | Palisade Wall |
| 16:34 | Queue | Villager (Male) |
| 16:35 | Queue | Villager (Male) |
| 16:35 | Queue | Villager (Male) |
| 16:35 | Queue | Villager (Male) |
| 16:50 | Build | Archery Range |
| 16:54 | Build | Palisade Wall |
| 16:55 | Build | Palisade Wall |
| 16:56 | Build | Palisade Wall |
| 17:07 | Research | Gold Mining |
| 17:17 | Build | Blacksmith |
| 17:30 | Build | Farm |
| 17:54 | Build | Farm |
| 17:57 | Research | Castle Age |
| 18:04 | Build | Palisade Wall |
| 18:50 | Build | Archery Range |
| 19:13 | Build | Palisade Gate |
| 19:15 | Build | Palisade Wall |
| 19:30 | Research | Fletching |
| 19:30 | Research | Padded Archer Armor |
| 19:40 | Queue | Villager (Male) |
| 19:40 | Queue | Villager (Male) |
| 19:55 | Queue | Villager (Male) |
| 19:55 | Queue | Villager (Male) |
| 19:55 | Queue | Villager (Male) |
| 20:05 | Build | Lumber Camp |
| 20:24 | Build | Stable |
| 20:53 | Research | Horse Collar |
| 20:54 | Age | Castle Age |
| 21:00 | Queue | Cavalry Archer |
| 21:01 | Queue | Cavalry Archer |
| 21:01 | Queue | Cavalry Archer |
| 21:02 | Research | Bodkin Arrow |
| 21:06 | Queue | Cavalry Archer |
| 21:06 | Queue | Cavalry Archer |
| 21:06 | Queue | Cavalry Archer |
| 21:07 | Queue | Cavalry Archer |
| 21:14 | Research | Bow Saw |
| 22:14 | Build | Town Center |
| 22:17 | Queue | Villager (Male) |
| 22:17 | Queue | Villager (Male) |
| 22:17 | Queue | Villager (Male) |
| 22:28 | Queue | Cavalry Archer |
| 22:28 | Queue | Cavalry Archer |
| 22:31 | Queue | Cavalry Archer |
| 22:31 | Queue | Cavalry Archer |
| 22:42 | Research | Bloodlines |
| 22:57 | Queue | Villager (Male) |
| 23:07 | Queue | Cavalry Archer |
| 23:30 | Queue | Villager (Male) |
| 23:30 | Queue | Villager (Male) |
| 23:50 | Queue | Villager (Male) |
| 23:50 | Queue | Villager (Male) |
| 23:51 | Queue | Villager (Male) |
| 23:57 | Build | University |
| 24:38 | Queue | Villager (Male) |
| 24:38 | Queue | Villager (Male) |
| 24:43 | Queue | Cavalry Archer |
| 24:43 | Queue | Cavalry Archer |
| 24:43 | Queue | Cavalry Archer |
| 24:43 | Queue | Cavalry Archer |
| 24:44 | Queue | Cavalry Archer |
| 25:59 | Research | Ballistics |
| 26:30 | Queue | Villager (Male) |
| 26:30 | Queue | Villager (Male) |
| 26:30 | Queue | Villager (Male) |
| 26:31 | Queue | Villager (Male) |
| 27:00 | Build | House |
| 27:01 | Build | House |
| 27:02 | Build | House |
| 27:05 | Research | Wheelbarrow |
| 27:14 | Build | Farm |
| 27:14 | Build | Farm |
| 27:14 | Build | Farm |
| 27:14 | Build | Farm |
| 27:15 | Build | Farm |
| 27:15 | Build | Farm |
| 27:15 | Build | Farm |
| 27:15 | Build | Farm |
| 27:16 | Build | Farm |
Build order — Night Wolf
First 150 of 350 actions detected
| 0:01 | Queue | Villager (Male) ×4 |
| 0:03 | Build | House |
| 0:05 | Build | House |
| 1:41 | Queue | Villager (Male) |
| 2:03 | Queue | Villager (Male) |
| 2:28 | Queue | Villager (Male) |
| 2:42 | Build | Lumber Camp |
| 2:52 | Queue | Villager (Male) |
| 2:53 | Queue | Villager (Male) |
| 2:53 | Queue | Villager (Male) |
| 3:31 | Build | House |
| 3:59 | Queue | Villager (Male) |
| 4:09 | Queue | Villager (Male) |
| 4:18 | Queue | Villager (Male) |
| 4:18 | Queue | Villager (Male) |
| 5:32 | Build | Mill |
| 5:32 | Queue | Villager (Male) |
| 5:58 | Queue | Villager (Male) |
| 6:04 | Research | Loom |
| 6:26 | Research | Feudal Age |
| 7:04 | Queue | Villager (Male) |
| 7:25 | Queue | Villager (Male) |
| 7:26 | Queue | Villager (Male) |
| 8:39 | Age | Feudal Age |
| 8:41 | Build | Town Center |
| 8:45 | Queue | Villager (Male) |
| 8:54 | Build | House |
| 9:07 | Queue | Villager (Male) |
| 9:28 | Build | House |
| 9:30 | Queue | Villager (Male) |
| 9:39 | Build | House |
| 10:01 | Queue | Villager (Male) |
| 10:26 | Build | House |
| 10:28 | Queue | Villager (Male) |
| 10:29 | Queue | Villager (Male) |
| 10:49 | Build | House |
| 10:52 | Queue | Villager (Male) |
| 10:52 | Queue | Villager (Male) |
| 11:10 | Build | House |
| 11:21 | Queue | Villager (Male) |
| 11:29 | Build | Farm |
| 11:31 | Build | Farm |
| 11:33 | Queue | Villager (Male) |
| 11:34 | Queue | Villager (Male) |
| 11:55 | Queue | Villager (Male) |
| 12:12 | Queue | Villager (Male) |
| 12:20 | Queue | Villager (Male) |
| 12:34 | Queue | Villager (Male) |
| 12:34 | Queue | Villager (Male) |
| 12:39 | Build | Farm |
| 12:42 | Build | Farm |
| 12:49 | Build | Farm |
| 12:58 | Queue | Villager (Male) |
| 12:58 | Queue | Villager (Male) |
| 13:09 | Build | Barracks |
| 13:14 | Queue | Villager (Male) |
| 13:14 | Queue | Villager (Male) |
| 13:36 | Build | Market |
| 13:48 | Queue | Villager (Male) |
| 13:48 | Queue | Villager (Male) |
| 13:58 | Research | Double-Bit Axe |
| 14:10 | Queue | Villager (Male) |
| 14:16 | Queue | Villager (Male) |
| 14:28 | Queue | Villager (Male) |
| 14:29 | Queue | Villager (Male) |
| 14:44 | Build | Blacksmith |
| 15:03 | Queue | Villager (Male) |
| 15:04 | Queue | Villager (Male) |
| 15:06 | Research | Horse Collar |
| 15:20 | Build | Archery Range |
| 15:28 | Build | Farm |
| 15:42 | Queue | Villager (Male) |
| 15:42 | Queue | Villager (Male) |
| 15:44 | Build | Farm |
| 15:46 | Build | Farm |
| 15:49 | Build | Farm |
| 15:52 | Build | Farm |
| 15:55 | Build | Farm |
| 15:59 | Build | Farm |
| 16:03 | Queue | Villager (Male) |
| 16:03 | Queue | Villager (Male) |
| 16:10 | Build | Mining Camp |
| 16:24 | Queue | Villager (Male) |
| 16:24 | Queue | Villager (Male) |
| 16:45 | Build | Farm |
| 16:47 | Build | Farm |
| 16:50 | Build | Farm |
| 16:53 | Build | Farm |
| 16:55 | Build | Farm |
| 16:59 | Queue | Villager (Male) |
| 16:59 | Queue | Villager (Male) |
| 17:06 | Build | House |
| 17:07 | Build | House |
| 17:09 | Build | Palisade Gate |
| 17:11 | Build | House |
| 17:12 | Build | House |
| 17:15 | Queue | Villager (Male) |
| 17:15 | Queue | Villager (Male) |
| 17:35 | Research | Gold Mining |
| 17:45 | Queue | Villager (Male) |
| 17:48 | Build | Farm |
| 17:55 | Build | Farm |
| 18:00 | Build | Farm |
| 18:02 | Queue | Villager (Male) |
| 18:03 | Queue | Villager (Male) |
| 18:21 | Research | Stone Mining |
| 18:33 | Build | Mining Camp |
| 18:36 | Build | Mining Camp |
| 18:38 | Queue | Villager (Male) |
| 18:38 | Queue | Villager (Male) |
| 18:50 | Build | House |
| 18:51 | Build | House |
| 19:06 | Queue | Villager (Male) |
| 19:06 | Queue | Villager (Male) |
| 19:34 | Queue | Villager (Male) |
| 19:34 | Queue | Villager (Male) |
| 19:53 | Research | Castle Age |
| 19:55 | Queue | Villager (Male) |
| 20:04 | Build | House |
| 20:05 | Build | House |
| 20:08 | Queue | Villager (Male) |
| 20:14 | Research | Wheelbarrow |
| 20:30 | Research | Town Watch |
| 20:40 | Research | Fletching |
| 21:06 | Queue | Villager (Male) |
| 21:06 | Queue | Villager (Male) |
| 21:13 | Build | House |
| 21:52 | Queue | Villager (Male) |
| 21:58 | Build | Barracks |
| 22:01 | Build | Barracks |
| 22:04 | Build | Barracks |
| 22:06 | Build | Barracks |
| 22:09 | Build | Archery Range |
| 22:13 | Build | Archery Range |
| 22:15 | Build | Archery Range |
| 22:18 | Build | Archery Range |
| 22:25 | Research | Padded Archer Armor |
| 22:26 | Research | Forging |
| 22:26 | Research | Scale Mail Armor |
| 22:34 | Build | House |
| 22:36 | Build | House |
| 22:39 | Age | Castle Age |
| 22:46 | Research | Heavy Plow |
| 22:51 | Research | Bow Saw |
| 22:55 | Build | House |
| 23:04 | Queue | Villager (Male) |
| 23:04 | Queue | Villager (Male) |
| 23:21 | Research | Gold Shaft Mining |
| 23:26 | Build | House |
| 23:27 | Build | House |
Match timeline
| 8:39 | Night Wolf · age_up feudal |
| 9:01 | Otide · first_building Barracks |
| 9:28 | Otide · wall_segment Palisade Wall x1 |
| 9:31 | Otide · wall_segment Palisade Wall x9 |
| 10:24 | Otide · wall_segment Palisade Wall x1 |
| 10:27 | Otide · wall_segment Palisade Wall x12 |
| 10:29 | Otide · wall_segment Palisade Wall x3 |
| 10:31 | Otide · wall_segment Palisade Wall x1 |
| 11:00 | Otide · age_up feudal |
| 11:44 | Otide · wall_segment Palisade Wall x3 |
| 11:45 | Otide · wall_segment Palisade Wall x4 |
| 12:16 | Otide · wall_segment Palisade Wall x1 |
| 12:19 | Otide · wall_segment Palisade Wall x20 |
| 13:09 | Night Wolf · first_building Barracks |
| 15:20 | Night Wolf · first_building Archery Range |
| 15:39 | Otide · wall_segment Palisade Wall x1 |
| 16:23 | Otide · wall_segment Palisade Wall x1 |
| 16:26 | Otide · wall_segment Palisade Wall x11 |
| 16:28 | Otide · wall_segment Palisade Wall x3 |
| 16:50 | Otide · first_building Archery Range |
| 16:54 | Otide · wall_segment Palisade Wall x1 |
| 16:55 | Otide · wall_segment Palisade Wall x1 |
| 16:56 | Otide · wall_segment Palisade Wall x1 |
| 18:04 | Otide · wall_segment Palisade Wall x1 |
| 18:58 | Night Wolf · first_market_sell 500 wood |
| 19:00 | Night Wolf · first_market_buy 100 food |
| 19:15 | Otide · wall_segment Palisade Wall x3 |
| 20:24 | Otide · first_building Stable |
| 20:36 | Otide · first_market_buy 100 wood |
| 20:54 | Otide · age_up castle |
| 22:39 | Night Wolf · age_up castle |
| 24:52 | Otide · first_market_sell 100 wood |
| 28:10 | Night Wolf · first_building Monastery |
| 28:57 | Otide · first_building Siege Workshop |
| 29:13 | Otide · first_building Castle |
| 29:37 | Night Wolf · first_building Castle |
| 34:50 | Otide · wall_segment Palisade Wall x1 |
| 34:51 | Otide · wall_segment Palisade Wall x2 |
| 36:34 | Night Wolf · first_building Stable |
| 38:02 | Night Wolf · age_up imperial |
| 43:59 | Otide · age_up imperial |
| 46:47 | Otide · resign |
[ AI ANALYSIS · 1 CREDIT ]
What really happened in this match?
Wolo.gg analyzes every decision: build order, eco, micro, common mistakes by bracket. Personalized analysis on WhatsApp or Discord in 30 seconds.
Civ guide
Mongols
Perfil
Jugador #16686330